 Dungeon Crawl Stone Soup version 0.29.1-2-gbd0b4ee654 (webtiles) character file.

Game seed: 17981091546098456300

4 styxcanada the Sneak (level 1, -1/11 HPs)
             Began as a Spriggan Brigand on Nov 15, 2022.
             Slain by a jackal (3 damage)
             ... on level 1 of the Dungeon.
             The game lasted 00:00:26 (40 turns).

styxcanada the Sneak (Spriggan Brigand)               Turns: 40, Time: 00:00:27

Health: -1/11      AC:  3    Str:  7    XL:     1   Next: 50%
Magic:  2/2        EV: 16    Int: 12    God:
Gold:   10         SH:  0    Dex: 16    Spells: 0/0 levels left

rFire   . . .      SeeInvis +   a - +2 dagger
rCold   . . .      Faith    .   (no shield)
rNeg    . . .      Spirit   .   b - +0 robe
rPois   .          Reflect  .   (helmet restricted)
rElec   .          Harm     .   c - +0 cloak
rCorr   .          Rampage  .   (gloves unavailable)
Will    .....                   (boots unavailable)
Stlth   +++.......              (no amulet)
HPRegen 0.03/turn               (no ring)
MPRegen 0.08/turn               (no ring)

@: very quick
A: very small, no large weapons, unfitting armour, see invisible, speed 3
a: no special abilities


You were on level 1 of the Dungeon.
You visited 1 branch of the dungeon, and saw 1 of its levels.

You collected 10 gold pieces.

Inventory:

Hand Weapons
 a - a +2 dagger (weapon)
Missiles
 d - 8 poisoned darts (quivered)
 e - 3 curare-tipped darts
Armour
 b - a +0 robe (worn)
 c - a +0 cloak (worn)
Potions
 f - a potion of haste {unknown}


   Skills:
 * Level 1.7 Fighting
 + Level 2.2 Short Blades
 + Level 2.0 Throwing
 * Level 1.4 Dodging
 * Level 6.0 Stealth


You couldn't memorise any spells.
You didn't know any spells.
Your spell library was empty.

Dungeon Overview and Level Annotations

Branches:
Dungeon (1/15)

Altars:


Innate Abilities, Weirdness & Mutations

You are very small and have problems with some larger weapons.
You are too small for most types of armour.
You have supernaturally acute eyesight. (SInv)
You cover ground extremely quickly. (Speed+++)


Message History

The poisoned dart barely misses the jackal.
The poisoned dart hits the jackal.
The jackal is poisoned.
You hit the jackal.
The jackal is lightly wounded.
The jackal barely misses you.
You hit the jackal.
You kill the jackal!
Your Stealth skill increases to level 6!
You hit the jackal but do no damage. The jackal closely misses you.
You hit the jackal but do no damage. The jackal bites you. x2
The jackal misses you.
You hit the jackal but do no damage.
The jackal looks more healthy.
The jackal bites you. The jackal closely misses you. The jackal misses you.
You hit the jackal but do no damage.
The jackal is almost dead.
The jackal misses you. x2
You hit the jackal.
You kill the jackal!
The jackal bites you but does no damage.
You hit the jackal.
The jackal is heavily wounded.
The jackal bites you.
You barely miss the jackal.
The jackal is heavily wounded.
You hit the jackal.
The jackal is lightly wounded.
The jackal closely misses you. The jackal misses you.
The jackal barely misses you.
You closely miss the jackal.
The jackal is heavily wounded.
The jackal barely misses you. x2; The jackal closely misses you.
You hit the jackal.
You kill the jackal!
The jackal closely misses you. The jackal bites you.
* * * LOW HITPOINT WARNING * * *
You hit the jackal.
The jackal is heavily wounded.
The jackal bites you.
You die...

# .# #. #. #.## ..
...# .## #..# ...
..
.#.##..#####.###..
......(..h@.......
....##.##....>.##
.....#....#..###.
.........#.#.....
........#...#....
...#######.#######
.. #~~#.......#~~#
. #~#.........#~#
##...........##


You could see a jackal.

Vanquished Creatures
  3 jackals (D:1)
3 creatures vanquished.

Notes
Turn   | Place    | Note
-------+----------+-------------------------------------------
     0 | D:1      | styxcanada the Spriggan Brigand began the quest for the
                  | Orb.
     0 | D:1      | Reached XP level 1. HP: 10/10 MP: 2/2
    28 | D:1      | Reached skill level 6 in Stealth
    40 | D:1      | Slain by a jackal

Illustrated notes

Levels and vault maps discovered:
D:1:      psy_arrival_dodecagon, layout_rooms,
          shapermc_ecumenical_altar_totnotflames, grunt_decor_fettered,
          minmay_stone_trees_small

Skill      XL: |  1 |
---------------+----+-----
Stealth        | 6 |  6.0
Fighting       | |  1.7
Short Blades   | |  2.2
Throwing       | |  2.0
Dodging        | |  1.4

Action                   || total
-------------------------++-------
Melee: Dagger            ||    14
Throw: Dart              ||     1
Armor: Robe              ||     2
Dodge: Dodged            ||    17
